 Dungeon Crawl Stone Soup version 0.31-a0-460-g9e667d4245 (webtiles) character file.

Game seed: 16540183703265309460

582 kae the Changeling (level 7, 0/52 HPs)
             Began as a Green Draconian Shapeshifter on Aug 4, 2023.
             Succumbed to a water moccasin's poison
             ... in a sewer.
             The game lasted 00:05:30 (4920 turns).

kae the Changeling (Green Draconian Shapeshifter)   Turns: 4920, Time: 00:05:31

Health: 0/52       AC:  6    Str: 18    XL:     7   Next: 14%
Magic:  7/7        EV: 12    Int:  8    God:
Gold:   184        SH:  5    Dex: 13    Spells: 6/6 levels left

rFire   . .          .
                       - Unarmed
rCold   . . .        (no shield)
rNeg    . . .        (body armour unavailable)
rPois   +            (helmet currently unavailable)
rElec   .            (cloak currently unavailable)
rCorr   +            (gloves currently unavailable)
SInv    .            (boots currently unavailable)
Will    .....        f - amulet of Dauzo {Reflect rCorr SH+5}
Stlth   +            (no ring)
HPRegen 0.28/turn    (no ring)
MPRegen 0.10/turn

%: reflection
@: lethally poisoned (0 -> -2), short of breath, beast-form
A: beast (slay +4), breathe noxious fumes, AC +6, unfitting armour, poison
resistance, cold-blooded
a: Breathe Noxious Fumes, Begin Untransformation


You were in a sewer.
You were a hulking beast.
You visited 1 branch of the dungeon, and saw 5 of its levels.
You also visited: Sewer.

You collected 184 gold pieces.


Innate Abilities, Weirdness & Mutations

You are a hulking beast.
Your limbs bulge with bestial killing power. (Slay +4)
You can breathe blasts of noxious fumes.
Your lurid green scales are hard. (AC +6)
You cannot fit into any form of body armour.
Your system is resistant to poisons. (rPois)
You are cold-blooded and may be slowed by cold attacks.


   Skills:
 - Level 1.1 Fighting
 - Level 1.7 Dodging
 + Level 5.3 Unarmed Combat
 * Level 6.0 Shapeshifting


You had 6 spell levels left.
You didn't know any spells.
Your spell library contained the following spells:

 Spells                   Type           Power      Damage    Failure   Level
 Shock                    Conj/Air       0%         1d3       41%         1
 Poisonous Vapours        Pois/Air       0%         N/A       54%         2
 Mephitic Cloud           Conj/Pois/Air  0%         N/A       78%         3
 Swiftness                Air            0%         N/A       78%         3
 Airstrike                Air            0%         2d(0-16)  99%         4
 Fireball                 Conj/Fire      0%         3d3       100%        5
 Freezing Cloud           Conj/Ice/Air   0%         6-21      100%        5
 Iskenderun's Battlesphe  Conj           0%         2d6       100%        5
 Conjure Ball Lightning   Conj/Air       0%         3x3d6     100%        6
 Orb of Destruction       Conj           0%         9d5       100%        7

Inventory:

Missiles
 a - a throwing net {=f!f}
 d - 65 stones
 e - 17 poisoned darts
Jewellery
 f - the amulet of Dauzo (around neck) {Reflect rCorr SH+5}
   (You acquired it on level 1 of the Dungeon)

   [amulet of reflection]

   It reflects blocked missile attacks.
   rCorr:     It protects you from acid and corrosion.
   SH:        It affects your SH (+5).
Talismans
 b - a beast talisman (active)
Wands
 g - a wand of polymorph (1)
   (You took it off Duvessa on level 4 of the Dungeon)
Scrolls
 c - a scroll of identify {@r1}
 h - a scroll of enchant weapon {unknown}
 i - 4 scrolls of teleportation {@r4}
 j - a scroll of blinking {unknown}
 k - a scroll of fear {unknown}
 m - a scroll of vulnerability {!r!r}

Dungeon Overview and Level Annotations

Branches:
Dungeon (5/15) Zot: 25186   Sewer (1/1) Zot: 5912
 Temple: D:4-7

Altars:
Elyvilon
Vehumet

Annotations:
D:3 1 runed translucent door, vcxz's ghost, amateur NaWn

######## ###......###
# ###....~..~~.### #
#$.##~....####~~~..###
# #...†h###
###...~.### #..~..~##
##...~~.~ ###..~~.
###.....###
#!.##~...~####...~.###
# #$ ###..~~~.~...###
# # ##......### #
########


There were no monsters in sight!


Message History

The jackal bites you.
You hit the jackal.
You kill the jackal!
The jackal bites you but does no damage. 😕 HP[-2]
You take 2 damage, and now have 50/52 hp.
You closely miss the jackal. You tail-slap the jackal.
You block the jackal's attack. The jackal closely misses you.
You hit the jackal but do no damage. You punch the jackal.
You kill the jackal!
No target in view!
No target in view!
No target in view!
No target in view!
j - a scroll labelled TEMIOQ MIM XAO 😎 HP[+2]
Your hp is fully restored (52).
No target in view!
No target in view!
k - a scroll labelled DURPHE YLISA No target in view!
No target in view!
You enter the shallow water.
Moving in this stuff is going to be slow.
You enter the shallow water.
Moving in this stuff is going to be slow.
You enter the shallow water.
Moving in this stuff is going to be slow.
You enter the shallow water.
Moving in this stuff is going to be slow.
You enter the shallow water.
Moving in this stuff is going to be slow.
A water moccasin comes into view.
The water moccasin hisses angrily.
A water moccasin is nearby!
You block the water moccasin's attack.
A water moccasin is nearby!
You hit the water moccasin.
The water moccasin bites you but does no damage.
You closely miss the water moccasin.
The water moccasin bites you but does no damage.
Okay, then.
Aiming: Breathe Noxious Fumes (5% risk of failure)
Press: ? - help, Shift-Dir - straight line, f - you You exhale a blast of noxious fumes.
The blast of choking fumes hits you! The water moccasin bites you.
The water moccasin bites you! 😮 HP[-19]
You take 19 damage, and now have 33/52 hp.
MASSIVE DAMAGE!! (PAUSE) Unknown command.
You are too injured to fight recklessly!
You are too injured to fight recklessly!
You are too injured to fight recklessly!
You are too injured to fight recklessly!
You punch the water moccasin!
You tail-slap the water moccasin, but do no damage.
The water moccasin bites you. 😮 HP[-3]
You take 3 damage, and now have 30/52 hp.
Unknown command.
You miss the water moccasin. The water moccasin bites you!
* * * LOW HITPOINT WARNING * * *
You are poisoned.
The water moccasin poisons you! The water moccasin bites you!
* * * LOW HITPOINT WARNING * * *
You miss the water moccasin.
You feel very sick. The water moccasin bites you.
* * * LOW HITPOINT WARNING * * *
😱 HP[-18]
You take 18 damage, and now have 12/52 hp.
MASSIVE DAMAGE!! (PAUSE)
You closely miss the water moccasin.
You feel sick.
You block the water moccasin's attack. 😱 HP[-1]
You take 1 damage, and now have 11/52 hp.
Unknown command.
You hit the water moccasin. You tail-slap the water moccasin.
Your punch misses the water moccasin.
You feel sick. The water moccasin closely misses you.
The water moccasin misses you. 😱 HP[-2]
You take 2 damage, and now have 9/52 hp.
You aren't carrying any potions.
Unknown command.
Okay, then.
You hit the water moccasin.
You feel sick.
The water moccasin bites you but does no damage. 😱 HP[-1]
You take 1 damage, and now have 8/52 hp.
Unknown command.
You closely miss the water moccasin.
You feel sick. The water moccasin closely misses you.
You punch the water moccasin!
You feel sick. The water moccasin bites you.
* * * LOW HITPOINT WARNING * * *
😱 HP[-7]
You take 7 damage, and now have 1/52 hp.
Unknown command.
You hit the water moccasin.
You kill the water moccasin!
You die...

Skill      XL: |  1  2  3  4  5  6  7 |
---------------+----------------------+-----
Shapeshifting  | 4 5 6 |  6.0
Unarmed Combat | 4 5 |  5.3
Fighting       | |  1.1
Dodging        | |  1.7

Action                     |  1- 3 |  4- 6 |  7- 9 || total
---------------------------+-------+-------+-------++-------
  Melee: Unarmed           |    63 |   176 |    42 ||   281
         Punch             |     4 |     5 |     1 ||    10
         Tailslap          |     1 |    23 |     6 ||    30
Ability: Breathe Noxious F |       |       |     2 ||     2
    Use: Scroll            |     2 |     5 |     1 ||     8
         Potion            |       |     6 |       ||     6
   Stab: Sleeping          |     1 |     1 |       ||     2
 Armour: Skin              |    14 |    33 |    10 ||    57
  Dodge: Dodged            |    35 |    64 |    22 ||   121
  Block: Other             |     3 |    28 |     7 ||    38
         Reflection        |       |     1 |       ||     1

Levels and vault maps discovered:
D:1:      psy_arrival_whirlpool, layout_basic
D:2:      layout_basic
D:3:      layout_rooms, nicolae_vehumet_altar_sigil, gammafunk_ghost_grave
D:4:      layout_loops_corners, nicolae_elyvilon_temple_path,
          chequers_serial_rivers_room_a, minmay_lizard_king, uniq_menkaure,
          uniq_edmund, uniq_duvessa
D:5:      layout_loops_corners, gup_sewer_entry_spiral, grunt_decor_fettered
Sewer:    sewer_the_moccasin

Notes
Turn   | Place    | Note
-------+----------+-------------------------------------------
     0 | D:1      | kae the Draconian Shapeshifter began the quest for the Orb.
     0 | D:1      | Reached XP level 1. HP: 16/16 MP: 1/1
     0 | D:1      | magus.rc [v1.11.3]
   108 | D:1      | You pick up a book of Air and begin reading...
   108 | D:1      | You add the spells Shock, Swiftness and Airstrike to your
                  | library.
   137 | D:1      | HP: 4/16 [gnoll/+0 whip (2)]
   141 | D:1      | Reached XP level 2. HP: 4/23 MP: 2/2
   241 | D:1      | You pick up a book of Vapours and begin reading...
   241 | D:1      | You add the spells Poisonous Vapours, Mephitic Cloud and
                  | Freezing Cloud to your library.
   456 | D:1      | Reached XP level 3. HP: 28/28 MP: 3/3
   869 | D:1      | Identified a scroll of acquirement
   869 | D:1      | Acquired the amulet of Dauzo {Reflect rCorr SH+5}
  1238 | D:2      | Reached skill level 4 in Shapeshifting
  1238 | D:2      | Reached XP level 4. HP: 35/35 MP: 4/4
  2056 | D:3      | Found a radiant altar of Vehumet.
  2118 | D:3      | Found a runed translucent door.
  2118 | D:3      | Noticed vcxz's ghost (amateur NaWn)
  2346 | D:3      | Reached skill level 4 in Unarmed Combat
  2515 | D:3      | You pick up a book of the Spheres and begin reading...
  2515 | D:3      | You add the spells Iskenderun's Battlesphere, Fireball,
                  | Conjure Ball Lightning and Orb of Destruction to your
                  | library.
  2764 | D:4      | Noticed Menkaure
  2772 | D:4      | Killed Menkaure
  2773 | D:4      | Reached skill level 5 in Shapeshifting
  2773 | D:4      | Reached XP level 5. HP: 40/40 MP: 5/5
  2860 | D:4      | Reached XP level 6. HP: 16/47 MP: 6/6
  3015 | D:4      | Noticed Edmund
  3368 | D:4      | Noticed Duvessa
  3368 | D:4      | Noticed Dowan
  4079 | D:4      | Killed Duvessa
  4080 | D:4      | Reached skill level 5 in Unarmed Combat
  4084 | D:4      | Killed Dowan
  4085 | D:4      | Your scales start taking on a lurid green colour.
  4085 | D:4      | Reached XP level 7. HP: 33/52 MP: 7/7
  4085 | D:4      | Gained mutation: Your system is resistant to poisons.
                  | (rPois) [Green Draconian growth]
  4458 | D:4      | Found a white marble altar of Elyvilon.
  4496 | D:5      | Entered Level 5 of the Dungeon
  4817 | D:5      | Reached skill level 6 in Shapeshifting
  4832 | D:5      | Found a glowing drain.
  4836 | Sewer    | Entered a sewer
  4914 | Sewer    | HP: 13/52 [poisoned by a water moccasin]
  4919 | Sewer    | HP: 7/52 [poisoned by a water moccasin]
  4919 | Sewer    | HP: 1/52 [water moccasin (6)]
  4920 | Sewer    | Succumbed to a water moccasin's poison

Vanquished Creatures
  Menkaure (D:4)
  A water moccasin (Sewer)
  Duvessa (D:4)
  Dowan (D:4)
  An iguana (D:4)
  2 orc wizards (D:4)
  9 adders
  A gnoll (D:1)
  A river rat (D:5)
  A shadow imp (D:5)
  2 ufetubi (D:4)
  A worm (D:3)
  6 dart slugs
  8 orcs
  4 ball pythons
  8 bats
  8 endoplasms
  4 giant cockroaches
  6 goblins
  5 hobgoblins
  7 jackals
  4 quokkas
  10 frilled lizards
  4 kobolds
  6 rats
102 creatures vanquished.

Table legend:
 A = Non-vault XP
 B = Vault XP
 C = Vault XP percentage of total XP
 D = Non-vault monster count
 E = Vault monster count
 F = Vault count percentage of total count
                 A         B        C        D         E       F
            +---------+---------+-------+---------+---------+-------
      Total |     347 |     632 |  64.6 |      81 |      21 |  20.6
            +---------+---------+-------+---------+---------+-------
        D:1 |      53 |       0 |   0.0 |      23 |       0 |   0.0
        D:2 |      65 |       0 |   0.0 |      15 |       0 |   0.0
        D:3 |      65 |       0 |   0.0 |      19 |       0 |   0.0
        D:4 |     145 |     434 |  75.0 |      19 |      10 |  34.5
        D:5 |      19 |      45 |  70.3 |       5 |       7 |  58.3
      Sewer |       0 |     153 | 100.0 |       0 |       4 | 100.0
            +---------+---------+-------+---------+---------+-------

Skill      XL: |  1  2  3  4  5  6  7 |
---------------+----------------------+-----
Shapeshifting  | 4 5 6 |  6.0
Unarmed Combat | 4 5 |  5.3
Fighting       | |  1.1
Dodging        | |  1.7

Action                     |  1- 3 |  4- 6 |  7- 9 || total
---------------------------+-------+-------+-------++-------
  Melee: Unarmed           |    63 |   176 |    42 ||   281
         Punch             |     4 |     5 |     1 ||    10
         Tailslap          |     1 |    23 |     6 ||    30
Ability: Breathe Noxious F |       |       |     2 ||     2
    Use: Scroll            |     2 |     5 |     1 ||     8
         Potion            |       |     6 |       ||     6
   Stab: Sleeping          |     1 |     1 |       ||     2
 Armour: Skin              |    14 |    33 |    10 ||    57
  Dodge: Dodged            |    35 |    64 |    22 ||   121
  Block: Other             |     3 |    28 |     7 ||    38
         Reflection        |       |     1 |       ||     1

Illustrated notes

Table legend:
 A = Kills in this place as a percentage of kills in the entire game.
 B = Kills by you in this place as a percentage of kills by you in the entire game.
 C = Kills by friends in this place as a percentage of kills by friends in the entire game.
 D = Other kills in this place as a percentage of other kills in the entire game.
 E = Experience gained in this place as a percentage of experience gained in the entire game.
 F = Experience gained in this place divided by the number of levels of this place that you have seen.
                   A       B       C       D       E      F
               +-------+-------+-------+-------+-------+----------------------
         Total | 100.0 | 100.0 |   N/A |   N/A | 100.0 | 163.2
       Dungeon |  96.1 |  96.1 |   N/A |   N/A |  84.4 | 165.2
         Sewer |   3.9 |   3.9 |   N/A |   N/A |  15.6 | 153.0
               +-------+-------+-------+-------+-------+----------------------

Table legend: (Time is in decaauts)
 A = Elapsed time spent in this place.
 B = Non-inter-level travel time spent in this place.
 C = Inter-level travel time spent in this place.
 D = Time resting spent in this place.
 E = Time spent auto-exploring this place.
 F = Levels seen in this place.
 G = Mean time per level.
                   A        B        C        D        E       F      G
               +--------+--------+--------+--------+--------+-----+--------+
         Total |   4901 |   4723 |    178 |    340 |   3455 |   6 |  816.8 |
       Dungeon |   4813 |   4635 |    178 |    340 |   3391 |   5 |  962.6 |
         Sewer |     87 |     87 |      0 |      0 |     63 |   1 |   87.0 |
               +--------+--------+--------+--------+--------+-----+--------+

Top non-repeatable levels by time:
     D:4: 1677 daAuts
     D:2: 1103 daAuts
     D:1: 919 daAuts
     D:3: 756 daAuts
     D:5: 357 daAuts
   Sewer: 87 daAuts
